 Dungeon Crawl Stone Soup version 0.14-a0-1773-ge500af7 (webtiles) character file.

2889 Mitsuki the Cleaver (level 10, 0/65 HPs)
             Began as a Formicid Fighter on Jan 6, 2014.
             Was an Initiate of the Shining One.
             Slain by an orc warrior
             ... wielding a +0,+0 orcish scimitar
              (9 damage)
             ... on Level 7 of the Dungeon.
             The game lasted 00:31:40 (5563 turns).

Mitsuki the Cleaver (Formicid Fighter)              Turns: 5563, Time: 00:31:40

HP   0/65        AC 13     Str 25      XL: 10   Next: 11%
MP  10/10        EV  8     Int  7      God: the Shining One [......]
Gold 336         SH 22     Dex 10      Spells:  0 memorised,  9 levels left

rFire  . . .     SeeInvis +     A - +1,+2 hand axe (freeze) (curse)
rCold  . . .     Clarity  .     n - +1 ring mail of the Guilds {+Inv MR++}
rNeg   . . .     Conserve .     c - +0 shield
rPois  x         rCorr    .     (helmet unavailable)
rElec  .         rRot     .     (no cloak)
SustAb . .       Spirit   .     (no gloves)
rMut   .         Warding  .     e - +0 pair of orc boots (curse)
Saprov . . .     Stasis   +     (no amulet)
                                u - +4 ring of protection
                                F - ring of regeneration

@: extremely resistant to hostile enchantments, very unstealthy
A: permanent stasis, dig shafts and tunnels, four strong arms, poison weakness,
antennae 3, exoskeleton 1
a: Dig, Shaft Self, Renounce Religion, Evoke Invisibility


You were on level 7 of the Dungeon.
You worshipped the Shining One. the Shining One was noncommittal.
You were not hungry.

You visited 2 branches of the dungeon, and saw 8 of its levels.
You also visited: Sewer.

You collected 336 gold pieces.

Inventory:

Hand weapons
 o - a +0,+0 battleaxe
 A - a cursed +1,+2 hand axe of freezing (weapon)
Armour
 c - a +0 shield (worn)
 e - a cursed +0 pair of orcish boots (worn)
 j - a +1 orcish scale mail of cold resistance
 n - the +1 ring mail of the Guilds (worn) {+Inv MR++}
   (You found it on level 4 of the Dungeon)

   It affects your resistance to hostile enchantments.
   It lets you turn invisible.
Comestibles
 d - 3 bread rations
 h - 2 chunks of orc flesh
 r - 4 chunks of giant frog flesh
Scrolls
 b - a scroll of fear
 f - 4 scrolls of identify
 i - 12 scrolls of remove curse
 v - a scroll of curse weapon {unknown}
 w - a scroll of enchant weapon I
 y - a scroll of random uselessness {unknown}
 E - a scroll of acquirement {unknown}
 H - a scroll of enchant weapon II
Jewellery
 m - an uncursed ring of invisibility
 s - a +2 ring of dexterity
 u - a +4 ring of protection (right hand)
 z - a +3 ring of intelligence
 F - a ring of regeneration (left hand)
Potions
 a - a potion of confusion
 k - 2 potions of curing
 l - a potion of heal wounds
 p - 2 potions of agility
 t - a potion of magic
 x - 2 potions of paralysis {unknown}
 D - a potion of brilliance {unknown}
 I - a potion of might {unknown}
 J - a potion of berserk rage {unknown}
Books
 g - a Grand Grimoire {highlevel}

   This book is beyond your current level of understanding.

   Spells                             Type                      Level
   Demonic Horde                      Summoning                    6
   Mass Abjuration                    Summoning                    6
   Haunt                              Necromancy/Summoning         7
   Summon Greater Demon               Summoning                    7
   Malign Gateway                     Summoning/Translocation      7
   Summon Horrible Things             Summoning                    8
   The Shining One opposes the use of such an unholy item.
 q - a book of Callings

   Spells                             Type                      Level
   Summon Small Mammal                Summoning                    1
   Call Imp                           Summoning                    2
   Call Canine Familiar               Summoning                    3
   Summon Scorpions                   Summoning/Poison             4
   Summon Ice Beast                   Ice/Summoning                4


   Skills:
 + Level 6.2 Fighting
 + Level 8.2 Axes
 + Level 6.5 Armour
 + Level 1.8 Stealth
 + Level 7.2 Shields


You had 9 spell levels left.
You didn't know any spells.

Dungeon Overview and Level Annotations

Branches:
Dungeon (7/16)             Temple (1/1) D:6

Altars:
Ashenzari
Cheibriados
Elyvilon
Fedhas
Kikubaaqudgha
Makhleb
Nemelex Xobeh
Sif Muna
Xom
Yredelemnul
Zin
the Shining One


Innate Abilities, Weirdness & Mutations

Your are under a permanent stasis effect.
You can dig through walls and to a lower floor.
Your four strong arms can wield any weapon, most with a shield.
You are susceptible to poison.
You have a pair of large antennae on your head (SInv).
Your body is surrounded by an exoskeleton. (HP +5, AC +1)


Message History

You hit the orc warrior. You freeze the orc warrior.
The orc warrior is lightly wounded.
You hit the orc warrior. You freeze the orc warrior.
The orc warrior is moderately wounded.
The orc warrior barely misses you.
You barely miss the orc warrior.
The orc warrior is moderately wounded.
You block the orc warrior's attack.
A worm comes into view.
You barely miss the orc warrior.
The orc warrior is moderately wounded.
The orc warrior hits you with an orcish scimitar!
You closely miss the orc warrior.
The orc warrior is moderately wounded.
The orc warrior hits you with an orcish scimitar!
* * * LOW HITPOINT WARNING * * *
You hit the orc warrior. You freeze the orc warrior.
The orc warrior is heavily wounded.
The orc warrior hits you with an orcish scimitar!
You die...

..._. ......###.....
#./... #............
#..... #............ .
.... #............
...####.####............
........................
.#.......$..............
##.....))................
.......o@................
......w###...............
..... ##...........))%
#... #..........<)<. .#.
#...........<.. #
..%(...........
...)...........
............... .
............


You could see an orc warrior and a worm.

Vanquished Creatures
  The ghost of Psiweapon the Nimble, an experienced MiFi of Okawaru (D:7)
  A phantom (D:5)
  2 centaurs
  5 ogres
  A sky beast (D:5)
  4 giant frogs
  4 wights (D:6)
  2 jellies
  A crimson imp (D:5)
  5 hounds
  A scorpion (D:6)
  A centaur skeleton (D:4)
  3 orc wizards (D:7)
  An orc priest (D:6)
  A worker ant (D:5)
  10 adders
  4 gnolls
  7 worms
  7 giant mites
  An adder zombie (D:5)
  8 giant geckos
  An ooze (D:1)
  21 orcs
  10 bats
  11 giant cockroaches
  13 hobgoblins
  12 jackals
  6 quokkas
  5 ball pythons
  10 giant newts
  11 goblins
  9 kobolds
  6 rats
185 creatures vanquished.

Notes
Turn   | Place    | Note
--------------------------------------------------------------
     0 | D:1      | Mitsuki, the Formicid Fighter, began the quest for the Orb.
     0 | D:1      | Reached XP level 1. HP: 19/19 MP: 1/1
   148 | D:1      | Reached XP level 2. HP: 24/24 MP: 2/2
   191 | D:1      | Reached XP level 3. HP: 21/28 MP: 3/3
   621 | D:2      | Reached XP level 4. HP: 28/33 MP: 4/4
  1021 | D:2      | Reached skill level 4 in Armour
  1449 | D:3      | Reached XP level 5. HP: 37/37 MP: 5/5
  1513 | D:3      | Noticed a centaur
  1527 | D:3      | Killed a centaur
  1527 | D:3      | Reached XP level 6. HP: 15/42 MP: 6/6
  1839 | D:3      | Reached skill level 5 in Armour
  2370 | D:4      | Reached skill level 1 in Stealth
  2409 | D:4      | Reached XP level 7. HP: 33/46 MP: 7/7
  2605 | D:4      | Found a glowing drain.
  2642 | Sewer    | Entered a sewer
  3095 | D:4      | Got a black opal-studded ring mail
  3108 | D:4      | Identified the +1 ring mail of the Guilds {+Inv MR++} (You found it on level 4 of the Dungeon)
  3264 | D:4      | Reached skill level 5 in Shields
  3374 | D:4      | Reached skill level 5 in Axes
  3374 | D:4      | Reached XP level 8. HP: 53/53 MP: 8/8
  3506 | D:5      | Entered Level 5 of the Dungeon
  3815 | D:5      | Reached skill level 6 in Axes
  4045 | D:6      | Reached skill level 5 in Fighting
  4045 | D:6      | Reached XP level 9. HP: 55/59 MP: 9/9
  4157 | D:6      | Reached skill level 7 in Axes
  4471 | D:6      | Found a glowing silver altar of Zin.
  4745 | D:6      | Found a staircase to the Ecumenical Temple.
  4765 | Temple   | Entered the Ecumenical Temple
  4774 | Temple   | Became a worshipper of the Shining One
  5441 | D:7      | Noticed Psiweapon's ghost (experienced MiFi)
  5500 | D:7      | Killed Psiweapon's ghost
  5500 | D:7      | Reached skill level 8 in Axes
  5500 | D:7      | Reached XP level 10. HP: 20/60 MP: 10/10
  5549 | D:7      | Found a shattered altar of Ashenzari.
  5563 | D:7      | Slain by an orc warrior

Action                   |  1- 3 |  4- 6 |  7- 9 | 10-12 || total
-------------------------+-------+-------+-------+-------++-------
Melee: Hand axe          |   105 |   146 |   125 |    13 ||   389
       Battleaxe         |       |    90 |   203 |       ||   293
  Use: Potion            |       |     8 |     8 |       ||    16
       Scroll            |       |     9 |     7 |       ||    16
